BLB
SEATTLE PILOTS @ PHOENIX ROADRUNNERS
08/26/2059
 
TOP OF THE 1ST
Seattle Pilots batting - Pitching for Phoenix Roadrunners : RHP Ismael McFarland
Pitching: RHP Ismael McFarland
Batting: RHB Douglas Morrison 0-0: Ground out 4-3 (Groundball, 4, EV 76.9 MPH)
Batting: RHB Beau Pruett 0-0: Called Strike
0-1: Ball
1-1: Ball
2-1: Foul Ball, location: 2F
2-2: Strikes out looking
Batting: LHB Cade McCormick 0-0: Called Strike
0-1: Foul Ball, location: 2F
0-2: Ball
1-2: Strikes out swinging
Top of the 1st over - 0 runs, 0 hits, 0 errors, 0 left on base; Seattle 0 - Phoenix 0
BOTTOM OF THE 1ST
Phoenix Roadrunners batting - Pitching for Seattle Pilots : LHP Rodell Jiu
Pitching: LHP Rodell Jiu
Batting: LHB Devon Cundiff 0-0: Ball
1-0: Called Strike
1-1: Called Strike
1-2: Foul Ball, location: 2F
1-2: Hit by Pitch
Batting: RHB Rick Anderson 0-0: Ball
1-0: Called Strike
Devon Cundiff is caught stealing 2nd base 2-4
1-1: Ball
2-1: SINGLE (Groundball, 25, EV 61.9 MPH) (infield hit)
Batting: LHB Rayshaun Stuart 0-0: Ball
1-0: SINGLE (Line Drive, 5D, EV 93.8 MPH)
Rick Anderson to second
Runner from 2nd tries for 3rd, OUT! 7-5
Batting: RHB Cody Barkley Pickoff Throw to First - Error! E1
Rayshaun Stuart to second
0-0: Ball
1-0: SINGLE (Line Drive, 7S, EV 103.8 MPH)
Rayshaun Stuart to third
Runner from 3rd tries for Home, SAFE, throw by LF to home
Batting: RHB Dalton Banks 0-0: Ball
1-0: Called Strike
1-1: Ground out 4-3 (Groundball, 4, EV 108.8 MPH)
Bottom of the 1st over - 1 run, 3 hits, 1 error, 1 left on base; Seattle 0 - Phoenix 1
TOP OF THE 2ND
Seattle Pilots batting - Pitching for Phoenix Roadrunners : RHP Ismael McFarland
Batting: RHB Jerry Coleman 0-0: Ball
1-0: Ball
2-0: Called Strike
2-1: Foul Ball, location: 2F
2-2: DOUBLE (Line Drive, 78D, EV 105.0 MPH)
Batting: LHB Ryan Carr 0-0: Ball
1-0: Ball
2-0: Ground out 6-3 (Groundball, 6, EV 98.8 MPH)
Batting: LHB Joseph Brandon 0-0: Ball
1-0: Ball
2-0: Foul Ball, location: 2F
2-1: Ball
3-1: Fly out, F7 (Line Drive, 7LM, EV 92.5 MPH)
Batting: RHB Logan Kyle 0-0: Ball
1-0: Called Strike
1-1: Swinging Strike
1-2: Strikes out swinging
Top of the 2nd over - 0 runs, 1 hit, 0 errors, 1 left on base; Seattle 0 - Phoenix 1
BOTTOM OF THE 2ND
Phoenix Roadrunners batting - Pitching for Seattle Pilots : LHP Rodell Jiu
Batting: RHB Harrison Jordan 0-0: Ball
1-0: Ball
2-0: Ball
3-0: Base on Balls
Batting: LHB Neil Wanat 0-0: Ball
1-0: Called Strike
1-1: Fly out, F7 (Flyball, 7, EV 90.6 MPH)
Batting: RHB Cole Segal Balk!
Harrison Jordan to second
0-0: Ball
1-0: Swinging Strike
1-1: Swinging Strike
1-2: Ball
2-2: Strikes out swinging
Batting: RHB Tommy Simpson 0-0: Ball
1-0: Fly out, F9 (Flyball, 89M, EV 96.2 MPH)
Bottom of the 2nd over - 0 runs, 0 hits, 0 errors, 1 left on base; Seattle 0 - Phoenix 1
TOP OF THE 3RD
Seattle Pilots batting - Pitching for Phoenix Roadrunners : RHP Ismael McFarland
Batting: RHB Rice Mesyan 0-0: Foul Ball, location: 2F
0-1: Ground out 5-3 (Groundball, 56, EV 103.8 MPH)
Batting: RHB Kynan Shaw 0-0: Foul Ball, location: 2F
0-1: DOUBLE (Line Drive, 89D, EV 103.1 MPH)
Batting: RHB Douglas Morrison 0-0: Swinging Strike
0-1: Foul Ball, location: 2F
0-2: Ball
1-2: Ground out 2-3 (Groundball, 2L, EV 70.6 MPH)
Kynan Shaw to third
Batting: RHB Beau Pruett 0-0: Foul Ball, location: 2F
0-1: Called Strike
0-2: Foul Ball, location: 2F
0-2: Ball
1-2: Strikes out swinging
Top of the 3rd over - 0 runs, 1 hit, 0 errors, 1 left on base; Seattle 0 - Phoenix 1
BOTTOM OF THE 3RD
Phoenix Roadrunners batting - Pitching for Seattle Pilots : LHP Rodell Jiu
Batting: LHB Devon Cundiff 0-0: Foul Ball, location: 2F
0-1: Swinging Strike
0-2: Ground out 4-3 (Groundball, 4, EV 86.2 MPH)
Batting: RHB Rick Anderson 0-0: Ball
1-0: Ball
2-0: Ground out 4-3 (Groundball, 34, EV 81.9 MPH)
Batting: LHB Rayshaun Stuart 0-0: Swinging Strike
0-1: Ball
1-1: Ball
2-1: Ball
3-1: SINGLE (Line Drive, 6MD, EV 97.5 MPH)
Batting: RHB Cody Barkley 0-0: Ball
1-0: Called Strike
1-1: Foul Ball, location: 2F
1-2: Foul Ball, location: 2F
1-2: Strikes out swinging
Bottom of the 3rd over - 0 runs, 1 hit, 0 errors, 1 left on base; Seattle 0 - Phoenix 1
TOP OF THE 4TH
Seattle Pilots batting - Pitching for Phoenix Roadrunners : RHP Ismael McFarland
Batting: LHB Cade McCormick 0-0: Ground out 4-3 (Groundball, 34D, EV 91.9 MPH)
Batting: RHB Jerry Coleman 0-0: Foul Ball, location: 2F
0-1: Ball
1-1: Ball
2-1: Foul Ball, location: 2F
2-2: Foul Ball, location: 2F
2-2: Strikes out looking
Batting: LHB Ryan Carr 0-0: Called Strike
0-1: Ball
1-1: Ball
2-1: Foul Ball, location: 2F
2-2: Ball
3-2: Strikes out swinging
Top of the 4th over - 0 runs, 0 hits, 0 errors, 0 left on base; Seattle 0 - Phoenix 1
BOTTOM OF THE 4TH
Phoenix Roadrunners batting - Pitching for Seattle Pilots : LHP Rodell Jiu
Batting: RHB Dalton Banks 0-0: Ball
1-0: Ball
2-0: Called Strike
2-1: Ball
3-1: Foul Ball, location: 2F
3-2: Foul Ball, location: 2F
3-2: Fly out, F7 (Flyball, 7S, EV 86.2 MPH)
Batting: RHB Harrison Jordan 0-0: Swinging Strike
0-1: Foul Ball, location: 2F
0-2: Ball
1-2: Ball
2-2: Strikes out looking
Batting: LHB Neil Wanat 0-0: Called Strike
0-1: Foul Ball, location: 2F
0-2: Ball
1-2: Foul Ball, location: 2F
1-2: Ball
2-2: Ball
3-2: Fly out, F8 (Line Drive, 8LS, EV 97.5 MPH)
Bottom of the 4th over - 0 runs, 0 hits, 0 errors, 0 left on base; Seattle 0 - Phoenix 1
TOP OF THE 5TH
Seattle Pilots batting - Pitching for Phoenix Roadrunners : RHP Ismael McFarland
Batting: LHB Joseph Brandon 0-0: Ball
1-0: Fly out, F8 (Line Drive, 89D, EV 94.4 MPH)
Batting: RHB Logan Kyle 0-0: Called Strike
0-1: Ball
1-1: Ball
2-1: Ball
3-1: Foul Ball, location: 2F
3-2: Strikes out looking
Batting: RHB Rice Mesyan 0-0: Called Strike
0-1: Ball
1-1: Fly out, F8 (Flyball, 8LD, EV 101.2 MPH)
Top of the 5th over - 0 runs, 0 hits, 0 errors, 0 left on base; Seattle 0 - Phoenix 1
BOTTOM OF THE 5TH
Phoenix Roadrunners batting - Pitching for Seattle Pilots : LHP Rodell Jiu
Batting: RHB Cole Segal 0-0: Ball
1-0: Ball
2-0: Called Strike
2-1: Foul Ball, location: 2F
2-2: Strikes out swinging
Batting: RHB Tommy Simpson 0-0: Ball
1-0: Ball
2-0: Ball
3-0: Called Strike
3-1: SINGLE (Line Drive, 9S, EV 105.6 MPH)
Batting: LHB Devon Cundiff 0-0: Called Strike
0-1: Ball
1-1: Swinging Strike
1-2: Ball
Tommy Simpson is caught stealing 2nd base 2-6
2-2: Foul Ball, location: 2F
2-2: Foul Ball, location: 2F
2-2: Foul Ball, location: 2F
2-2: Fly out, F9 (Flyball, 9, EV 81.9 MPH)
Bottom of the 5th over - 0 runs, 1 hit, 0 errors, 0 left on base; Seattle 0 - Phoenix 1
TOP OF THE 6TH
Seattle Pilots batting - Pitching for Phoenix Roadrunners : RHP Ismael McFarland
Batting: RHB Kynan Shaw 0-0: Called Strike
0-1: Swinging Strike
0-2: Ball
1-2: Strikes out looking
Batting: RHB Douglas Morrison 0-0: Called Strike
0-1: DOUBLE (Groundball, 5L, EV 101.9 MPH)
Batting: RHB Beau Pruett 0-0: Ball
1-0: Ball
2-0: Called Strike
2-1: Ball
3-1: SINGLE (Groundball, 6MD, EV 100.6 MPH) (infield hit)
Douglas Morrison to third
Batting: LHB Cade McCormick 0-0: Called Strike
Beau Pruett steals 2nd base (no throw)
0-1: Called Strike
0-2: Ball
1-2: Ball
2-2: Fly out, F8 (Flyball, 8RXD, EV 88.8 MPH)
Runner from 3rd tags up, SCORES, no throw by CF
Pitching: LHP Bradley Gainer
Batting: RHB Jerry Coleman 0-0: Ball
1-0: Called Strike
1-1: Called Strike
1-2: Strikes out swinging
Top of the 6th over - 1 run, 2 hits, 0 errors, 1 left on base; Seattle 1 - Phoenix 1
BOTTOM OF THE 6TH
Phoenix Roadrunners batting - Pitching for Seattle Pilots : LHP Rodell Jiu
Batting: RHB Rick Anderson 0-0: Ground out 4-3 (Groundball, 4, EV 83.8 MPH)
Batting: LHB Rayshaun Stuart 0-0: Ball
1-0: Foul Ball, location: 2F
1-1: Fly out, F8 (Line Drive, 8RD, EV 98.1 MPH)
Batting: RHB Cody Barkley 0-0: Ball
1-0: Swinging Strike
1-1: Foul Ball, location: 2F
1-2: Ball
2-2: Ball
3-2: Base on Balls
Pitching: LHP Solomon Jones
Batting: RHB Dalton Banks 0-0: Called Strike
0-1: Foul Ball, location: 2F
0-2: Fly out, F5 (Flyball, 5D, EV 86.9 MPH)
Bottom of the 6th over - 0 runs, 0 hits, 0 errors, 1 left on base; Seattle 1 - Phoenix 1
TOP OF THE 7TH
Seattle Pilots batting - Pitching for Phoenix Roadrunners : LHP Bradley Gainer
Batting: LHB Ryan Carr 0-0: Foul Ball, location: 2F
0-1: Called Strike
0-2: Ball
1-2: Strikes out looking
Batting: LHB Joseph Brandon 0-0: SINGLE (Groundball, 3D, EV 99.4 MPH)
Batting: RHB Logan Kyle 0-0: Grounds into double play, 6-4-3 (Groundball, 6, EV 85.0 MPH)
Top of the 7th over - 0 runs, 1 hit, 0 errors, 0 left on base; Seattle 1 - Phoenix 1
BOTTOM OF THE 7TH
Phoenix Roadrunners batting - Pitching for Seattle Pilots : LHP Solomon Jones
Batting: RHB Harrison Jordan 0-0: Foul Ball, location: 2F
0-1: Fly out, F8 (Line Drive, 89M, EV 93.1 MPH)
Pinch Hitting: RHB Tyrek Schaaf 0-0: Ball
1-0: Ball
2-0: Called Strike
2-1: Swinging Strike
2-2: Ground out 5-3 (Groundball, 56S, EV 88.8 MPH)
Batting: RHB Cole Segal 0-0: Ball
1-0: Foul Ball, location: 2F
1-1: Called Strike
1-2: Foul Ball, location: 2F
1-2: Ball
2-2: Foul Ball, location: 2F
2-2: Foul Ball, location: 2F
2-2: Fly out, F9 (Flyball, 9LSF, EV 91.2 MPH)
Bottom of the 7th over - 0 runs, 0 hits, 0 errors, 0 left on base; Seattle 1 - Phoenix 1
TOP OF THE 8TH
Seattle Pilots batting - Pitching for Phoenix Roadrunners : LHP Bradley Gainer
Now in RF: Tavin Kang
Batting: RHB Rice Mesyan 0-0: Ground out 5-3 (Groundball, 56S, EV 71.9 MPH)
Batting: RHB Kynan Shaw 0-0: Ball
1-0: Ball
2-0: Swinging Strike
2-1: Swinging Strike
2-2: Foul Ball, location: 2F
2-2: Foul Ball, location: 2F
2-2: Foul Ball, location: 2F
2-2: Strikes out swinging
Batting: RHB Douglas Morrison 0-0: Ball
1-0: Foul Ball, location: 2F
1-1: Ground out U3 (Groundball, 3L, EV 84.4 MPH)
Top of the 8th over - 0 runs, 0 hits, 0 errors, 0 left on base; Seattle 1 - Phoenix 1
BOTTOM OF THE 8TH
Phoenix Roadrunners batting - Pitching for Seattle Pilots : LHP Solomon Jones
Batting: RHB Tommy Simpson 0-0: Ball
1-0: Ball
2-0: Foul Ball, location: 2F
2-1: SINGLE (Groundball, 6MD, EV 101.2 MPH)
Pinch Hitting: RHB Boone Gellings 0-0: Ball
1-0: Bunted foul
1-1: Sac Bunt to 25 - play at first, batter OUT! 5-3
Tommy Simpson to second
Batting: RHB Rick Anderson 0-0: Ball
1-0: Ball
Tommy Simpson steals 3rd base
2-0: Ball
3-0: Called Strike
3-1: Foul Ball, location: 2F
3-2: Fly out, F9 (Flyball, 89D, EV 86.9 MPH)
Batting: LHB Rayshaun Stuart 0-0: Called Strike
0-1: Ball
1-1: DOUBLE (Flyball, 78XD, EV 104.4 MPH)
Tommy Simpson scores
Pitching: RHP Ryder Middleton
Batting: RHB Cody Barkley 0-0: Called Strike
0-1: Swinging Strike
0-2: Ball
1-2: Strikes out looking
Bottom of the 8th over - 1 run, 2 hits, 0 errors, 1 left on base; Seattle 1 - Phoenix 2
TOP OF THE 9TH
Seattle Pilots batting - Pitching for Phoenix Roadrunners : LHP Bradley Gainer
Pitching: LHP Gerold Lentz
Now in LF: Tavin Kang
Now in RF: Dwight Bell
Batting: RHB Beau Pruett 0-0: Swinging Strike
0-1: Called Strike
0-2: Foul Ball, location: 2F
0-2: Foul Ball, location: 2F
0-2: Strikes out looking
Batting: LHB Cade McCormick 0-0: Ball
1-0: Ball
2-0: Called Strike
2-1: Foul Ball, location: 2F
2-2: Ball
3-2: SOLO HOME RUN (Flyball, 78XD, EV 106.9 MPH), Distance : 419 ft
Batting: RHB Jerry Coleman 0-0: Ball
1-0: Ball
2-0: Foul Ball, location: 2F
2-1: Called Strike
2-2: Foul Ball, location: 2F
2-2: Ball
3-2: Strikes out looking
Batting: LHB Ryan Carr 0-0: Ball
1-0: Called Strike
1-1: Foul Ball, location: 2F
1-2: Ground out 4-3 (Groundball, 4, EV 85.6 MPH)
Top of the 9th over - 1 run, 1 hit, 0 errors, 0 left on base; Seattle 2 - Phoenix 2
BOTTOM OF THE 9TH
Phoenix Roadrunners batting - Pitching for Seattle Pilots : RHP Ryder Middleton
Pitching: LHP R.J. Gabriele
Batting: RHB Dalton Banks 0-0: Ball
1-0: Ball
2-0: Swinging Strike
2-1: Ball
3-1: Swinging Strike
3-2: Foul Ball, location: 2F
3-2: Strikes out swinging
Batting: RHB Harrison Jordan 0-0: Ball
1-0: Ball
2-0: Fly out, F8 (Flyball, 8RM, EV 80.6 MPH)
Batting: LHB Tavin Kang 0-0: Ball
1-0: Called Strike
1-1: Swinging Strike
1-2: Strikes out looking
Bottom of the 9th over - 0 runs, 0 hits, 0 errors, 0 left on base; Seattle 2 - Phoenix 2
TOP OF THE 10TH
Seattle Pilots batting - Pitching for Phoenix Roadrunners : LHP Gerold Lentz
Pinch Hitting: RHB Dalton Howland 0-0: Called Strike
0-1: Ball
1-1: SINGLE (Flyball, 5D, EV 83.8 MPH)
Pitching: LHP Logan Schneider
Batting: RHB Logan Kyle 0-0: Ball
1-0: Fly out, F8 (Line Drive, 8RM, EV 107.5 MPH)
Batting: RHB Rice Mesyan 0-0: Called Strike
0-1: Grounds into double play, 4-6-3 (Groundball, 4, EV 105.0 MPH)
Top of the 10th over - 0 runs, 1 hit, 0 errors, 0 left on base; Seattle 2 - Phoenix 2
BOTTOM OF THE 10TH
Phoenix Roadrunners batting - Pitching for Seattle Pilots : LHP R.J. Gabriele
Now in LF: Karviar Smallwood
Batting: RHB Cole Segal 0-0: Ball
1-0: Ball
2-0: Called Strike
2-1: Fly out, F9 (Line Drive, 89M, EV 100.6 MPH)
Batting: RHB Tommy Simpson 0-0: Called Strike
0-1: Called Strike
0-2: Strikes out swinging
Batting: LHB Dwight Bell 0-0: Fly out, F8 (Flyball, 8RD, EV 95.6 MPH)
Bottom of the 10th over - 0 runs, 0 hits, 0 errors, 0 left on base; Seattle 2 - Phoenix 2
TOP OF THE 11TH
Seattle Pilots batting - Pitching for Phoenix Roadrunners : LHP Logan Schneider
Batting: RHB Kynan Shaw 0-0: Ball
1-0: Ball
2-0: Ball
3-0: Base on Balls
Batting: RHB Douglas Morrison 0-0: Called Strike
0-1: Ball
1-1: Fly out, F8 (Flyball, 89M, EV 92.5 MPH)
Batting: RHB Beau Pruett 0-0: Ball
Kynan Shaw is caught stealing 2nd base 2-4
1-0: SOLO HOME RUN (Flyball, 7LD, EV 94.4 MPH), Distance : 345 ft
Batting: LHB Cade McCormick 0-0: Foul Ball, location: 2F
0-1: Ball
1-1: Foul Ball, location: 2F
1-2: Ball
2-2: Ball
3-2: SINGLE (Groundball, 4, EV 94.4 MPH)
Batting: RHB Jerry Coleman 0-0: Ball
1-0: Called Strike
1-1: Foul Ball, location: 2F
1-2: Ball
2-2: Ball
3-2: SINGLE (Groundball, 34, EV 108.1 MPH) (infield hit)
Cade McCormick to second
Batting: LHB Ryan Carr 0-0: Ball
1-0: Foul Ball, location: 2F
1-1: Foul Ball, location: 2F
1-2: Strikes out swinging
Top of the 11th over - 1 run, 3 hits, 0 errors, 2 left on base; Seattle 3 - Phoenix 2
BOTTOM OF THE 11TH
Phoenix Roadrunners batting - Pitching for Seattle Pilots : LHP R.J. Gabriele
Pitching: LHP Daniel Travis
Batting: RHB Rick Anderson 0-0: Called Strike
0-1: Ball
1-1: Foul Ball, location: 2F
1-2: Foul Ball, location: 2F
1-2: Strikes out swinging
Batting: LHB Rayshaun Stuart 0-0: Ball
1-0: Foul Ball, location: 2F
1-1: Called Strike
1-2: Reached on error, E4 (Groundball, 13, EV 79.4 MPH)
Batting: RHB Cody Barkley 0-0: Called Strike
0-1: Ball
1-1: Called Strike
1-2: Foul Ball, location: 2F
1-2: Ball
2-2: Ball
3-2: Strikes out swinging
Batting: RHB Dalton Banks 0-0: Called Strike
0-1: Ball
1-1: Called Strike
1-2: Ball
2-2: Ground out 6-3 (Groundball, 56, EV 98.1 MPH)
Bottom of the 11th over - 0 runs, 0 hits, 1 error, 1 left on base; Seattle 3 - Phoenix 2
Wednesday, March 27th , 2024 - OOTP Baseball 23.10 Build 110